 Dungeon Crawl Stone Soup version 0.30.1-11-g7821555f0a (webtiles) character file.

Game seed: 2954985144079231584

5875 polpettosauro the Prestidigitator (level 10, -1/77 HPs)
             Began as a Gnoll Artificer on Nov 21, 2023.
             Was a Priest of Qazlal.
             Slain by Pikel the fire crab (shapeshifter) (11 damage)
             ... on level 7 of the Dungeon.
             The game lasted 00:21:11 (9064 turns).

polpettosauro the Prestidigitator (Gnoll Artificer) Turns: 9064, Time: 00:21:13

Health: -1/77      AC: 18    Str: 14    XL:     10   Next: 81%
Magic:  18/18      EV:  6    Int: 12    God:    Qazlal [***...]
Gold:   626        SH:  4    Dex: 13    Spells: 20/20 levels left

rFire   . . .        T - +4 quarterstaff (chaos)
rCold   + . .        (shield currently unavailable)
rNeg    . . .        t - +0 plate armour
rPois   +            (no helmet)
rElec   .            s - +2 cloak
rCorr   +            a - +0 pair of gloves
SInv    +            (no boots)
Will    .....        y - amulet of the acrobat Stlth
                     U - ring "Appa" {Wiz rPois rC+ rCorr SInv}
HPRegen 0.32/turn    N - +4 ring of slaying
MPRegen 0.16/turn

%: acrobat, wizardry (x1)
@: no status effects
A: fangs 1, strong nose, distributed training
a: Renounce Religion, Upheaval, Elemental Force


You were on level 7 of the Dungeon.
You worshipped Qazlal.
Qazlal was most pleased with you.
You visited 1 branch of the dungeon, and saw 10 of its levels.
You also visited: Ossuary.

You collected 701 gold pieces.
You spent 75 gold pieces at shops.

Inventory:

Hand Weapons
 b - a +1 dagger
 c - a +0 morningstar of flaming
 T - a +4 quarterstaff of chaos (weapon)
Missiles
 d - a throwing net
 n - 13 poisoned darts (quivered)
Armour
 a - a +0 pair of gloves (worn)
 o - an orb of energy
 s - a +2 cloak (worn)
 t - a +0 plate armour (worn)
 S - a +2 leather armour of fire resistance
Jewellery
 x - a ring of resist corrosion
 y - an amulet of the acrobat (around neck)
 K - a ring of see invisible
 N - a +4 ring of slaying (right hand)
 U - the ring "Appa" (left hand) {Wiz rPois rC+ rCorr SInv}
   (You found it on level 7 of the Dungeon)

   [ring of wizardry]

   It improves your spell success rate.
   rC:        It protects you from cold.
   rPois:     It protects you from poison.
   SInv:      It lets you see invisible.
   rCorr:     It protects you from acid and corrosion.
Wands
 e - a wand of iceblast (1)
 u - a wand of polymorph (11)
Scrolls
 h - 4 scrolls of blinking
 i - a scroll of torment
 j - 3 scrolls of fog
 l - a scroll of silence
 v - 2 scrolls of teleportation
 C - a scroll of enchant weapon
 F - a scroll of acquirement {unknown}
 I - 2 scrolls of amnesia
 J - 2 scrolls of poison {unknown}
 M - 2 scrolls of immolation {unknown}
 P - 2 scrolls of magic mapping {unknown}
 R - 4 scrolls of identify
Potions
 f - a potion of cancellation {unknown}
 g - 9 potions of curing
 k - a potion of heal wounds
 p - 5 potions of haste
 q - 2 potions of mutation {unknown}
 r - 4 potions of berserk rage
 w - a potion of might {unknown}
 z - a potion of degeneration {unknown}
 A - a potion of resistance
 B - 4 potions of ambrosia {unknown}
 D - a potion of attraction {unknown}
 E - 5 potions of lignification {unknown}
 G - a potion of invisibility {unknown}
 H - a potion of flight {unknown}
 L - a potion of magic {unknown}
 Q - a potion of brilliance {unknown}
Miscellaneous
 m - a tin of tremorstones (1/2)


   Skills:
 + Level 6.4 Fighting
 + Level 5.8 Short Blades
 + Level 5.8 Long Blades
 + Level 5.8 Axes
 + Level 5.8 Maces & Flails
 + Level 5.8 Polearms
 + Level 5.8 Staves
 + Level 5.8 Ranged Weapons
 + Level 5.8 Throwing
 + Level 7.5 Armour
 + Level 6.4 Dodging
 + Level 6.3 Stealth
 + Level 5.8 Shields
 + Level 5.8 Unarmed Combat
 + Level 5.8 Spellcasting
 + Level 4.8 Conjurations
 + Level 4.8 Hexes
 + Level 4.8 Summonings
 + Level 4.8 Necromancy
 + Level 4.8 Translocations
 + Level 4.8 Transmutations
 + Level 4.8 Fire Magic
 + Level 4.8 Ice Magic
 + Level 4.8 Air Magic
 + Level 4.8 Earth Magic
 + Level 4.8 Poison Magic
 + Level 6.4 Invocations
 + Level 8.9 Evocations


You had 20 spell levels left.
You didn't know any spells.
Your spell library contained the following spells:

 Spells                   Type           Power      Damage    Failure   Level
 Apportation              Tloc           30%        N/A       50%         1
 Necrotise                Necr           60%        1d7       50%         1
 Summon Small Mammal      Summ           60%        N/A       50%         1
 Ozocubu's Armour         Ice            15%        N/A       86%         3
 Metabolic Englaciation   Hex/Ice        7%         N/A       100%        5
 Simulacrum               Ice/Necr       7%         N/A       100%        6


Dungeon Overview and Level Annotations

Branches:
Dungeon (10/15)            Temple (0/1) D:5         Ossuary (visited)
   Lair: D:8-11         Orc: D:9-12

Altars:
Dithmenos
Gozag
Kikubaaqudgha
Qazlal
Sif Muna
Xom

Shops:
D:5 ?

Portals:
Trove: D:10 (give +4 ice dragon scales)

Annotations:
D:7 Pikel
D:9 Maurice


Innate Abilities, Weirdness & Mutations

You have very sharp teeth.
Your uncanny sense of smell can sniff out nearby items.
Your experience applies equally to all skills.


Message History

The lemure hits you but does no damage.
Pikel hits you with a +0 whip of flaming.
Pikel burns you. The lemure completely misses you.
You hit Pikel.
Pikel is poisoned.
Pikel is severely wounded.
The lemure hits you but does no damage.
Pikel hits you with a +0 whip of flaming.
Pikel burns you. The lemure barely misses you.
You hit Pikel.
Pikel seems to speed up.
Your bite misses Pikel.
Pikel is almost dead.
Pikel hits you but does no damage. The lemure barely misses you.
You hit Pikel.
Pikel changes into a shapeshifter!
Pikel is lightly wounded.
Pikel the shapeshifter changes into a fire crab!
The lemure hits you. The lemure barely misses you.
You sock Pikel!
Pikel is moderately wounded.
You block the lemure's attack. x2; Pikel barely misses you.
Pikel claws you.
You are engulfed in flames!
The lemure barely misses you.
You thump Pikel! You freeze Pikel.
Pikel is moderately wounded.
The lemure closely misses you. You block the lemure's attack. Pikel bites you!
You are engulfed in flames!
Pikel claws you but does no damage. The lemure closely misses you.
You barely miss Pikel. You bite Pikel, but do no damage.
Pikel is moderately wounded.
A lemure comes into view.
The lemure hits you but does no damage. x2; Pikel barely misses you.
Pikel completely misses you. The lemure hits you but does no damage.
You completely miss Pikel. You bite Pikel, but do no damage.
Pikel is moderately wounded.
The lemure hits you. The lemure hits you! Pikel bites you but does no damage.
Pikel claws you but does no damage. The lemure hits you but does no damage.
You sock Pikel!
Pikel is severely wounded.
The lemure hits you. You block the lemure's attack. Pikel bites you.
You are engulfed in flames!
* * * LOW HITPOINT WARNING * * *
Pikel claws you!
You die...

#######.# #.#
8. #.......#
#.# ##
#.#####.# #.#
#.#####.###.#
............#
#######.###.#
#...##.###
##.°.......#
#5@5........
#t5####.####
#..# .# ..<#
# ###5# #.#
..# ###


You could see Pikel the fire crab shaped shifter and 4 lemures.

Vanquished Creatures
  A kobold demonologist (D:9)
  Maggie (D:6)
  2 trolls
  A hornet (D:10)
  7 yaks
  A wyvern (D:9)
  3 vampire mosquitoes (D:10)
  Edmund (D:6)
  A water moccasin (D:5)
  An orc warrior (D:9)
  An ice beast (D:6)
  A black bear (D:7)
  2 ogres
  A phantom (D:6)
  3 centaurs (D:6)
  2 kobold brigands
  2 bullfrogs
  2 gnoll sergeants
  2 scorpions
  4 wights
  7 killer bees
  A howler monkey (D:6)
  A hound (D:4)
  Crazy Yiuf (D:6)
  4 orc priests
  4 jellies
  A gnoll bouda (D:10)
  4 iguanas
  4 orc wizards
  3 mummies (Ossuary)
  17 gnolls
  8 adders
  A shadow imp (D:6)
  A white imp (D:7)
  5 ufetubi
  2 worms (D:3)
  3 dart slugs
  17 orcs
  9 ball pythons
  10 endoplasms
  2 giant cockroaches (D:2)
  A gnoll zombie (Ossuary)
  5 hobgoblins
  3 jackals (D:2)
  13 kobolds
  3 quokkas
  3 bats
  9 frilled lizards
  4 goblins
  3 hobgoblin zombies (Ossuary)
  2 orc zombies (Ossuary)
  7 rats
197 creatures vanquished.

Vanquished Creatures (collateral kills)
  A black bear (D:6)
  A wight (D:5)
  An orc priest (D:6)
  2 mummies (Ossuary)
  An orc (D:6)
  2 hobgoblin zombies (Ossuary)
8 creatures vanquished.

Vanquished Creatures (others)
  3 mummies (Ossuary)
  An orc (D:6)
4 creatures vanquished.

Grand Total: 209 creatures vanquished

Notes
Turn   | Place    | Note
-------+----------+-------------------------------------------
     0 | D:1      | polpettosauro the Gnoll Artificer began the quest for the
                  | Orb.
     0 | D:1      | Reached XP level 1. HP: 17/17 MP: 1/1
   113 | D:1      | Reached XP level 2. HP: 12/23 MP: 2/2
   635 | D:1      | Found a faded altar of an unknown god.
   646 | D:1      | Reached XP level 3. HP: 28/28 MP: 3/3
   652 | D:1      | Prayed at the altar of an unknown god.
   652 | D:1      | Became a worshipper of Qazlal Stormbringer
   652 | D:1      | Reached * piety under Qazlal
  1208 | D:2      | Reached skill level 1 in Invocations
  1487 | D:2      | Reached skill level 1 in Short Blades
  1487 | D:2      | Reached skill level 1 in Long Blades
  1487 | D:2      | Reached skill level 1 in Axes
  1487 | D:2      | Reached skill level 1 in Maces & Flails
  1487 | D:2      | Reached skill level 1 in Polearms
  1487 | D:2      | Reached skill level 1 in Staves
  1487 | D:2      | Reached skill level 1 in Ranged Weapons
  1487 | D:2      | Reached skill level 1 in Throwing
  1487 | D:2      | Reached skill level 1 in Shields
  1487 | D:2      | Reached skill level 1 in Unarmed Combat
  1487 | D:2      | Reached skill level 1 in Spellcasting
  1594 | D:2      | Reached XP level 4. HP: 32/34 MP: 5/5
  2060 | D:3      | Reached skill level 1 in Conjurations
  2060 | D:3      | Reached skill level 1 in Hexes
  2060 | D:3      | Reached skill level 1 in Summonings
  2060 | D:3      | Reached skill level 1 in Necromancy
  2060 | D:3      | Reached skill level 1 in Translocations
  2060 | D:3      | Reached skill level 1 in Transmutations
  2060 | D:3      | Reached skill level 1 in Fire Magic
  2060 | D:3      | Reached skill level 1 in Ice Magic
  2060 | D:3      | Reached skill level 1 in Air Magic
  2060 | D:3      | Reached skill level 1 in Earth Magic
  2060 | D:3      | Reached skill level 1 in Poison Magic
  2195 | D:3      | Reached ** piety under Qazlal
  2526 | D:3      | Reached XP level 5. HP: 22/40 MP: 5/7
  2893 | D:4      | Found a sand-covered staircase.
  2923 | Ossuary  | Entered an ossuary
  3297 | D:4      | Reached XP level 6. HP: 15/47 MP: 8/8
  3508 | D:4      | Reached skill level 5 in Armour
  3630 | D:4      | Found a shadowy altar of Dithmenos.
  4114 | D:4      | Reached skill level 7 in Evocations
  4114 | D:4      | Reached XP level 7. HP: 52/52 MP: 3/10
  4428 | D:5      | Entered Level 5 of the Dungeon
  4870 | D:5      | Found Cesirar's Magic Scroll Shop.
  4884 | D:5      | Bought a scroll of blinking for 75 gold pieces
  4917 | D:5      | Reached XP level 8. HP: 56/60 MP: 12/12
  5283 | D:5      | Found a staircase to the Ecumenical Temple.
  5647 | D:6      | Noticed a yak
  5655 | D:6      | Noticed a yak
  5656 | D:6      | Noticed a yak
  5672 | D:6      | Noticed Maggie
  5723 | D:6      | Found a shimmering blue altar of Sif Muna.
  5927 | D:6      | Killed Maggie
  5976 | D:6      | Reached XP level 9. HP: 28/66 MP: 9/14
  6257 | D:6      | Reached skill level 5 in Fighting
  6257 | D:6      | Reached skill level 5 in Dodging
  6324 | D:6      | Reached skill level 5 in Stealth
  6334 | D:6      | Reached skill level 8 in Evocations
  6422 | D:6      | Reached skill level 5 in Invocations
  6577 | D:6      | Noticed Edmund
  6587 | D:6      | Killed Edmund
  6777 | D:6      | Found a runed translucent door.
  6778 | D:6      | Noticed Crazy Yiuf
  6787 | D:6      | Killed Crazy Yiuf
  6997 | D:7      | Identified the +8 bardiche of Feahusej {heavy, rPois Int-2
                  | Dex+2}
  7022 | D:7      | Found a shimmering altar of Xom.
  7215 | D:7      | Identified the ring "Appa" {Wiz rPois rC+ rCorr SInv}
  7314 | D:7      | You fall into a shaft and drop 3 floors!
  7314 | D:10     | Entered Level 10 of the Dungeon
  7318 | D:10     | Found an ancient bone altar of Kikubaaqudgha.
  7337 | D:10     | Reached skill level 5 in Short Blades
  7337 | D:10     | Reached skill level 5 in Long Blades
  7337 | D:10     | Reached skill level 5 in Axes
  7337 | D:10     | Reached skill level 5 in Maces & Flails
  7337 | D:10     | Reached skill level 5 in Polearms
  7337 | D:10     | Reached skill level 5 in Staves
  7337 | D:10     | Reached skill level 5 in Ranged Weapons
  7337 | D:10     | Reached skill level 5 in Throwing
  7337 | D:10     | Reached skill level 5 in Shields
  7337 | D:10     | Reached skill level 5 in Unarmed Combat
  7337 | D:10     | Reached skill level 5 in Spellcasting
  7337 | D:10     | Reached XP level 10. HP: 52/76 MP: 17/17
  7637 | D:10     | Found a portal to a secret trove of treasure.
  7885 | D:10     | Found an opulent altar of Gozag.
  8250 | D:9      | Reached *** piety under Qazlal
  8252 | D:9      | Noticed a kobold demonologist
  8266 | D:9      | Noticed a rust devil
  8272 | D:9      | Killed a kobold demonologist
  8731 | D:9      | Noticed Maurice
  9047 | D:7      | Noticed Pikel
  9059 | D:7      | Pikel changed into Pikel the shapeshifter
  9059 | D:7      | Pikel the shapeshifter changed into Pikel the fire crab
  9059 | D:7      | Noticed Pikel (shapeshifter)
  9064 | D:7      | Slain by Pikel the fire crab (shapeshifter)

Illustrated notes

Levels and vault maps discovered:
D:1:      tarquinn_simple_flora_water_c, layout_loops_cross,
          ebering_ecumenical_altar_box
D:2:      layout_basic
D:3:      layout_basic
D:4:      layout_cave_pods, nicolae_dithmenos_the_darkroom, enter_ossuary_3,
          minmay_misc_feat_square
D:5:      layout_basic, minmay_temple_entry_proselytizer, serial_shops, shop,
          kennysheep_pointless_box, lemuel_flame_loot_1
D:6:      layout_cave_pools, led_sif_pool, uniq_edmund, uniq_maggie,
          uniq_crazy_yiuf_cottage
D:7:      layout_loops_ring, zin_angel, general_overflow_altar, uniq_pikel
D:8:      layout_loops_cross, lemuel_crystal_altar,
          mainiacjoe_overflow_alcove_1, trog_three_pillars_becter,
          lair_entry_dummy, st_stairs_8
D:9:      layout_long_grid, gammafunk_ghost_ooze, serial_shops,
          nicolae_shop_just_a_little_nook, uniq_maurice
D:10:     layout_basic, marbit_many_paths, kiku_gazebo_pond_becter,
          chequers_temple_overflow_minitemple, nicolae_overflow_squiral,
          enter_trove_1, nicolae_titane, uniq_urug

Skill      XL: |  1  2  3  4  5  6  7  8  9 10 |
---------------+-------------------------------+-----
Invocations    | 1 2 3 4 5 6 |  6.4
Short Blades   | 1 2 3 5 |  5.8
Long Blades    | 1 2 3 5 |  5.8
Axes           | 1 2 3 5 |  5.8
Maces & Flails | 1 2 3 5 |  5.8
Polearms       | 1 2 3 5 |  5.8
Staves         | 1 2 3 5 |  5.8
Ranged Weapons | 1 2 3 5 |  5.8
Throwing       | 1 2 3 5 |  5.8
Shields        | 1 2 3 5 |  5.8
Unarmed Combat | 1 2 3 5 |  5.8
Spellcasting   | 1 2 3 5 |  5.8
Conjurations   | 1 2 3 4 |  4.8
Hexes          | 1 2 3 4 |  4.8
Summonings     | 1 2 3 4 |  4.8
Necromancy     | 1 2 3 4 |  4.8
Translocations | 1 2 3 4 |  4.8
Transmutations | 1 2 3 4 |  4.8
Fire Magic     | 1 2 3 4 |  4.8
Ice Magic      | 1 2 3 4 |  4.8
Air Magic      | 1 2 3 4 |  4.8
Earth Magic    | 1 2 3 4 |  4.8
Poison Magic   | 1 2 3 4 |  4.8
Fighting       | 3 4 5 6 |  6.4
Dodging        | 3 4 5 6 |  6.4
Stealth        | 3 4 5 6 |  6.3
Armour         | 5 6 7 |  7.5
Evocations     | 7 8 |  8.9

Action                     |  1- 3 |  4- 6 |  7- 9 | 10-12 || total
---------------------------+-------+-------+-------+-------++-------
  Melee: Dagger            |   206 |   394 |   154 |       ||   754
         Club              |     9 |       |       |       ||     9
         Bite              |    11 |    55 |    40 |    20 ||   126
         Punch             |     1 |    10 |     8 |     1 ||    20
         Morningstar       |       |       |    86 |    17 ||   103
         Quarterstaff      |       |       |    39 |   144 ||   183
  Throw: Dart              |       |     2 |       |    12 ||    14
 Invoke: Upheaval          |       |     3 |    10 |       ||    13
  Evoke: Wand              |     1 |    18 |    14 |     1 ||    34
         Tin of tremorston |       |       |       |     2 ||     2
    Use: Potion            |       |     2 |       |       ||     2
         Scroll            |       |     6 |     9 |       ||    15
   Stab: Paralysed         |       |       |     1 |       ||     1
 Armour: Chain mail        |   138 |    27 |       |       ||   165
         Plate armour      |       |   204 |   195 |    95 ||   494
  Dodge: Dodged            |    57 |   100 |   141 |    79 ||   377
  Block: Other             |     4 |    38 |    40 |    28 ||   110
